 Dungeon Crawl Stone Soup version 0.31-a0-486-g8d68a81214 (webtiles) character file.

Game seed: 16887769452995759677

18568 Xavori the Covert (level 12, -1/82 HPs)
             Began as an Octopode Chaos Knight on Aug 7, 2023.
             Was a Plaything of Xom.
             Slain by a tentacled starspawn (18 damage)
             ... on level 3 of the Abyss.
             The game lasted 00:19:50 (12485 turns).

Xavori the Covert (Octopode Chaos Knight)          Turns: 12485, Time: 00:19:51

Health: -1/82      AC:  4    Str: 10      XL:     12   Next: 59%
Magic:  19/19      EV: 16    Int: 16 (17) God:    Xom [.*....]
Gold:   311        SH:  5    Dex: 19      Spells: 16/18 levels left

rFire   . . .        t - +4 rapier "Sygiuli" {freeze, Int+2}
rCold   + . .        (no shield)
rNeg    + . .        s - +1 hat
rPois   +            l - amulet of reflection
rElec   .            c - ring of positive energy
rCorr   .            (no ring)
SInv    +            (no ring)
Will    .....        (no ring)
Stlth   +++++++      (no ring)
HPRegen 0.33/turn    (no ring)
MPRegen 0.16/turn    (no ring)
                     (no ring)

%: random rage (3%), reflection
@: constricted
A: almost no armour, amphibious, 8 rings, camouflage 1, gelatinous body 1,
(nimble swimmer 1), tentacles, antennae 1, iridescent scales 1, see invisible,
agile 1, berserk 1, cold resistance 1, high MP 1, mutation resistance 1, poison
resistance, wild magic 2, MP-powered wands, noise suppression
a: Renounce Religion


You were on level 3 of the Abyss.
You worshipped Xom.
You were a plaything of Xom.
You visited 2 branches of the dungeon, and saw 11 of its levels.
You visited the Abyss 1 time.
You also visited: Sewer.

You collected 556 gold pieces.
You spent 245 gold pieces at shops.

Inventory:

Hand Weapons
 a - a +1 short sword of chaos
 t - the +4 rapier "Sygiuli" (weapon) {freeze, Int+2}
   (You took it off a kobold on level 6 of the Dungeon)

   Int:       It affects your intelligence (+2).
 u - a +2 dagger of electrocution
Armour
 s - a +1 hat (worn)
Jewellery
 c - a ring of positive energy (left tentacle)
 l - an amulet of reflection (around mantle)
Wands
 o - a wand of mindburst (17)
 r - a wand of roots (10)
 v - a wand of charming (6)
Scrolls
 b - a scroll of butterflies
 d - a scroll of enchant armour
 e - 3 scrolls of identify
 f - 2 scrolls of revelation
 g - 2 scrolls of noise
 p - 2 scrolls of enchant weapon
 q - a scroll of blinking
Potions
 k - a potion of might
 m - 3 potions of mutation
 n - a potion of brilliance
 w - 5 potions of ambrosia


   Skills:
 + Level 7.8 Fighting
 + Level 10.6 Short Blades
 + Level 8.9 Dodging
 + Level 14.5 Stealth
 + Level 5.3 Shields
 * Level 3.7 Spellcasting
 * Level 4.3 Hexes
 * Level 4.2 Ice Magic


You had 16 spell levels left.
You knew the following spells:

 Your Spells              Type           Power      Damage    Failure   Level
a - Ensorcelled Hibernat  Hex/Ice        52%        N/A       12%         2

Your spell library contained the following spells:

 Spells                   Type           Power      Damage    Failure   Level
 Freeze                   Ice            100%       1d10      9%          1
 Frozen Ramparts          Ice            52%        1d8       21%         3
 Magic Dart               Conj           16%        1d3       32%         1
 Hailstorm                Conj/Ice       15%        3d5       38%         3
 Call Imp                 Summ           8%         N/A       43%         2
 Cigotuvi's Dreadful Rot  Necr/Pois/Air  8%         N/A       43%         2
 Mephitic Cloud           Conj/Pois/Air  4%         N/A       63%         3
 Anguish                  Hex/Necr       7%         N/A       73%         4
 Dispel Undead            Necr           4%         3d7       94%         4
 Passage of Golubria      Tloc           4%         N/A       94%         4
 Silence                  Hex/Air        7%         N/A       96%         5
 Death Channel            Necr           2%         N/A       100%        6
 Lehudib's Crystal Spear  Conj/Erth      2%         10d2      100%        8


Dungeon Overview and Level Annotations

Branches:
Dungeon (10/15)            Temple (0/1) D:7            Lair (1/5) D:9
    Orc (0/2) D:9           Sewer (visited)

Altars:
Ashenzari
Dithmenos
Gozag
Kikubaaqudgha
Makhleb
Nemelex Xobeh
Okawaru
Qazlal
Trog
Uskayaw
Vehumet
Wu Jian
Zin
The Shining One

Shops:
D:5 [   D:6 [

Annotations:
D:7 1 runed translucent door, randomguy2701's ghost, novice MiFi
D:8 3 runed translucent doors, bobarctor's ghost, novice DsNe
Abyss:3 1 runed translucent door


Innate Abilities, Weirdness & Mutations

You cannot wear most types of armour.
You are amphibious.
You can wear up to eight rings at the same time.
Your skin changes colour to match your surroundings (Stealth+).
Your rubbery body absorbs attacks. (AC +1, EV +1)
((You are camouflaged when in or above water. (Stealth+)))
You have tentacles for arms and can constrict up to eight enemies at once.
You have a pair of small antennae on your head.
You are partially covered in iridescent scales. (AC +2)
You have supernaturally acute eyesight. (SInv)
You are agile. (Dex +4, Str/Int -1)
You sometimes lose your temper in combat.
Your flesh is cold resistant. (rC+)
You have an increased reservoir of magic. (+10% MP)
You are somewhat resistant to further mutation.
Your system is resistant to poisons. (rPois)
Your spells are harder to cast, but more powerful.
You expend magic power (3 MP) to strengthen your wands.
You passively dampen the noise of your surroundings.


Message History

You sense a monster nearby.
An eidolon comes into view.
You start waiting.
An eidolon is nearby!
Okay, then.
You start waiting.
A green very ugly thing is nearby!
You start waiting.
A tentacled starspawn comes into view.
You catch the helpless tentacled starspawn completely off-guard!
You impale the tentacled starspawn!! You freeze the tentacled starspawn.
You squeeze the tentacled starspawn!
The tentacled starspawn is heavily damaged.
You hit the tentacled starspawn. You freeze the tentacled starspawn.
You squeeze the tentacled starspawn.
The tentacled starspawn is heavily damaged.
Tentacles burst from the starspawn's body! 2 starspawn tentacles come into view.
You hit the tentacled starspawn. You freeze the tentacled starspawn.
The tentacled starspawn is severely damaged.
You block the tentacled starspawn's attack.
The tentacled starspawn tentacle-slaps you!
You hit the tentacled starspawn. You freeze the tentacled starspawn.
You squeeze the tentacled starspawn, but do no damage.
The tentacled starspawn is severely damaged.
The starspawn tentacle misses you.
You hit the tentacled starspawn. You freeze the tentacled starspawn.
The tentacled starspawn is severely damaged.
The tentacled starspawn bites you!!
The tentacled starspawn tentacle-slaps you!!
* * * LOW HITPOINT WARNING * * *
Unknown command.
You barely miss the tentacled starspawn.
The tentacled starspawn is severely damaged.
The starspawn tentacle grabs you. The starspawn tentacle constricts you.
* * * LOW HITPOINT WARNING * * *
The tentacled starspawn closely misses you.
The tentacled starspawn tentacle-slaps you!!
You die...
Xom bursts into laughter!

# # ..#.
.#.#.. # . #.
.#.....#
.#.##. u#.
..# .
..#..### # .
.##....##.###
. #...#. #.
#.###...#.#
###.##w#w#.
.. ## #@X# ##
. ##...#...#
# .#.### ####
. # # . .


You could see a tentacled starspawn and 2 starspawn tentacles.

Vanquished Creatures
  A tentacled starspawn (Abyss:3)
  A boulder beetle (D:10)
  2 two-headed ogres (D:9)
  A thrashing horror (Abyss:3)
  The ghost of GiantSquids the Mimic, a novice OpSh of Makhleb (D:5)
  A black mamba (Lair:1)
  A smoke demon (Abyss:3)
  A yaktaur (Abyss:3)
  A rime drake (D:6)
  2 ancient zymes (Abyss:3)
  A queen bee (D:9)
  A hornet (D:10)
  3 trolls
  A hornet (shapeshifter) (Sewer)
  2 raiju (Abyss:3)
  A shadow (D:9)
  A ynoxinul (Abyss:3)
  16 yaks
  A steam dragon (D:8)
  A basilisk (Lair:1)
  A basilisk (shapeshifter) (D:7)
  3 starcursed masses (Abyss:3)
  3 vampire mosquitoes (D:10)
  2 fire bats (Abyss:3)
  Duvessa (D:7)
  2 water moccasins
  4 black bears
  2 ice beasts
  6 orc warriors
  A swamp drake (D:9)
  A sky beast (D:7)
  An ogre (D:6)
  11 wolves (Lair:1)
  A boggart (D:5)
  3 centaurs
  A kobold brigand (D:7)
  4 bullfrogs
  A scorpion (D:5)
  A gnoll sergeant (D:6)
  2 small abominations (Abyss:3)
  15 wights
  Dowan (D:7)
  17 killer bees (D:9)
  4 howler monkeys (D:7)
  A crimson imp (D:6)
  9 orc priests
  3 hounds
  4 iron imps
  3 iguanas
  10 orc wizards
  10 gnolls
  9 adders
  4 river rats (Sewer)
  2 shadow imps (D:6)
  5 white imps
  6 ufetubi
  A worm (D:2)
  41 orcs
  7 bats
  8 endoplasms
  6 giant cockroaches
  7 goblins
  8 hobgoblins
  4 jackals
  17 kobolds
  7 quokkas
  15 ball pythons
  3 frilled lizards
  28 rats
346 creatures vanquished.

Vanquished Creatures (collateral kills)
  5 yaks (D:9)
  2 fire bats (Abyss:3)
  A starcursed mass (Abyss:3)
  2 gnolls (D:4)
  2 kobolds (D:6)
12 creatures vanquished.

Vanquished Creatures (others)
  An anaconda simulacrum (Abyss:3)
  A starcursed mass (Abyss:3)
  A neqoxec (Abyss:3)
  A large abomination (Abyss:3)
  A small abomination (Abyss:3)
  An orc warrior (D:9)
  2 starspawn tentacles (Abyss:3)
8 creatures vanquished.

Grand Total: 366 creatures vanquished

Notes
Turn   | Place    | Note
-------+----------+-------------------------------------------
     0 | D:1      | Xavori the Octopode Chaos Knight began the quest for the
                  | Orb.
     0 | D:1      | Reached XP level 1. HP: 16/16 MP: 1/1
   172 | D:1      | Reached XP level 2. HP: 21/21 MP: 2/2
   260 | D:1      | XOM: give mutations
   260 | D:1      | Gained mutation: Your flesh is cold resistant. (rC+) [Xom's
                  | grace]
   260 | D:1      | Gained mutation: You are agile. (Dex +4, Str/Int -1) [Xom's
                  | grace]
   260 | D:1      | Gained mutation: You are partially covered in iridescent
                  | scales. (AC +2) [Xom's grace]
   410 | D:1      | Reached XP level 3. HP: 18/26 MP: 3/3
   515 | D:1      | XOM: give mutations
   515 | D:1      | Gained mutation: Your system is resistant to poisons.
                  | (rPois) [Xom's grace]
   515 | D:1      | Gained mutation: You have hidden genetic potential. [Xom's
                  | grace]
   515 | D:1      | Gained mutation: You have supernaturally acute eyesight.
                  | (SInv) [Xom's grace]
   626 | D:1      | XOM: silly message
   696 | D:1      | Reached skill level 1 in Stealth
  1045 | D:2      | Reached XP level 4. HP: 33/33 MP: 4/4
  1051 | D:2      | Found a radiant altar of Vehumet.
  1085 | D:2      | Gained mutation: You passively dampen the noise of your
                  | surroundings. [hidden potential]
  1209 | D:2      | Reached skill level 2 in Stealth
  1348 | D:2      | XOM: silly message
  1508 | D:3      | XOM: god gift: scroll labelled ADAOL UL INNEN {god gift}
  1815 | D:4      | Noticed a black bear
  1822 | D:4      | Killed a black bear
  1823 | D:4      | Reached skill level 4 in Stealth
  1823 | D:4      | Reached XP level 5. HP: 29/37 MP: 5/5
  1831 | D:4      | Gained mutation: One of your tentacles bears a spike.
                  | [hidden potential]
  1831 | D:4      | Lost mutation: You have hidden genetic potential. [hidden
                  | potential expressed]
  1881 | D:4      | XOM: enchant monster (good)
  1886 | D:4      | Reached XP level 6. HP: 30/43 MP: 6/6
  1962 | D:4      | Found a glowing golden altar of the Shining One.
  2168 | D:4      | XOM: 1-stop teleportation journey
  2200 | D:4      | XOM: 2-stop teleportation journey
  2222 | D:4      | Noticed a black bear
  2231 | D:4      | Killed a black bear
  2232 | D:4      | Reached skill level 5 in Short Blades
  2232 | D:4      | Reached skill level 5 in Stealth
  2292 | D:4      | XOM: summons 2 hostile demons
  2414 | D:4      | XOM: noise
  2493 | D:4      | XOM: summons 4 hostile demons
  2528 | D:4      | Reached XP level 7. HP: 28/48 MP: 7/7
  2650 | D:5      | Entered Level 5 of the Dungeon
  2658 | D:5      | Found a glowing drain.
  2675 | Sewer    | Entered a sewer
  2911 | Sewer    | XOM: confusion (+ monsters)
  2914 | Sewer    | a bullfrog changed into a shapeshifter
  2914 | Sewer    | Noticed a shapeshifter (shapeshifter)
  2914 | Sewer    | a shapeshifter changed into a hornet
  2914 | Sewer    | Noticed a hornet (shapeshifter)
  2926 | Sewer    | Killed a hornet
  2927 | Sewer    | Reached skill level 6 in Stealth
  2927 | Sewer    | Reached skill level 1 in Shields
  3218 | D:5      | XOM: god gift: robe {god gift}
  3230 | D:5      | Reached XP level 8. HP: 31/54 MP: 8/8
  3345 | D:5      | XOM: polymorph scorpion -> boggart
  3350 | D:5      | Reached skill level 7 in Stealth
  3459 | D:5      | Found a bloodstained altar of Trog.
  3519 | D:5      | Found an opulent altar of Gozag.
  3519 | D:5      | Found a sparkling altar of Nemelex Xobeh.
  3615 | D:5      | Found an iron altar of Okawaru.
  3670 | D:5      | Found Cuymuuss's Armour Shop.
  3679 | D:5      | Found a runed translucent door.
  3805 | D:5      | Noticed GiantSquids's ghost (novice OpSh)
  3827 | D:5      | Killed GiantSquids's ghost
  3828 | D:5      | Reached skill level 5 in Dodging
  4096 | D:6      | Reached skill level 8 in Stealth
  4096 | D:6      | Reached XP level 9. HP: 45/60 MP: 9/9
  4167 | D:6      | Found an ornate altar of the Wu Jian Council.
  4201 | D:6      | Reached skill level 5 in Fighting
  4258 | D:6      | Found a radiant altar of Vehumet.
  4274 | D:6      | Found a broken altar of Ashenzari.
  4312 | D:6      | XOM: 1-stop teleportation journey
  4630 | D:6      | XOM: stat loss: -1 Int (13/14)
  4640 | D:6      | XOM: potion effect (brilliance)
  4744 | D:6      | Found Beadunn's Antique Armour Emporium.
  4774 | D:6      | XOM: give mutation
  4774 | D:6      | Gained mutation: You sometimes lose your temper in combat.
                  | [Xom's mischief]
  4829 | D:6      | XOM: polymorph white imp -> crimson imp
  4835 | D:6      | a kobold brigand changed into a rime drake
  4835 | D:6      | Noticed a rime drake
  4835 | D:6      | XOM: polymorph kobold brigand -> rime drake
  4836 | D:6      | XOM: torment (42/91 hp)
  4930 | D:6      | XOM: stat loss: -1 Str (9/10)
  4962 | D:6      | XOM: god gift: book of Frost
  5104 | D:6      | Identified the +4 rapier "Sygiuli" {freeze, Int+2}
  5104 | D:6      | XOM: 5-stop teleportation journey
  5144 | D:6      | XOM: cast spell 'Death Channel'
  5154 | D:6      | Killed a rime drake
  5155 | D:6      | Reached skill level 9 in Stealth
  5295 | D:7      | Noticed Duvessa
  5296 | D:7      | Noticed Dowan
  5302 | D:7      | Killed Dowan
  5313 | D:7      | Killed Duvessa
  5333 | D:7      | XOM: 8-stop teleportation journey
  5342 | D:7      | XOM: silly message
  5545 | D:7      | Reached skill level 10 in Stealth
  5723 | D:7      | Reached XP level 10. HP: 27/68 MP: 10/10
  5931 | D:7      | Found a staircase to the Ecumenical Temple.
  5956 | D:7      | XOM: 3-stop teleportation journey
  6129 | D:7      | XOM: scenery: summon butterflies
  6224 | D:7      | Found a runed translucent door.
  6230 | D:7      | Noticed randomguy2701's ghost (novice MiFi)
  6349 | D:7      | Found an ancient bone altar of Kikubaaqudgha.
  6490 | D:6      | Bought a glowing hat for 245 gold pieces
  6631 | D:7      | XOM: summons 5 hostile demons
  6736 | D:8      | Found a hide-covered altar of Uskayaw.
  6788 | D:8      | Reached skill level 11 in Stealth
  7366 | D:8      | Found a runed translucent gate.
  7366 | D:8      | Found a runed translucent gate.
  7366 | D:8      | Found a runed translucent gate.
  7407 | D:8      | XOM: summons friendly ufetubus
  7638 | D:8      | Noticed bobarctor's ghost (novice DsNe)
  7727 | D:8      | XOM: cast spell 'Summon Horrible Things'
  7809 | D:8      | XOM: give mutations
  7809 | D:8      | Gained mutation: You have an increased reservoir of magic.
                  | (+10% MP) [Xom's grace]
  7809 | D:8      | Gained mutation: You have a pair of small antennae on your
                  | head. [Xom's grace]
  7809 | D:8      | Gained mutation: Your spells are a little harder to cast,
                  | but a little more powerful. [Xom's grace]
  8020 | D:9      | Found a staircase to the Lair.
  8058 | D:9      | XOM: summons 8 friendly demons
  8116 | D:9      | Reached skill level 12 in Stealth
  8157 | D:9      | XOM: god gift: 28 gold pieces
  8296 | D:9      | XOM: 1-stop teleportation journey
  8305 | D:9      | XOM: 1-stop teleportation journey
  8307 | D:9      | XOM: cast spell 'Summon Mana Viper'
  8315 | D:9      | Reached XP level 11. HP: 63/74 MP: 12/12
  8325 | D:9      | Reached skill level 13 in Stealth
  8425 | D:9      | Noticed a two-headed ogre
  8432 | D:9      | Killed a two-headed ogre
  8436 | D:9      | Learned a level 2 spell: Ensorcelled Hibernation
  8439 | D:9      | Found a stormy altar of Qazlal.
  8472 | D:9      | XOM: divination: detect creatures
  8558 | D:9      | XOM: god gift: jewelled plate armour {god gift}
  8558 | D:9      | Identified the +0 plate armour "Ypparoli" {Fly rF+++ Str-3
                  | Stlth+} (Xom gifted it to you on level 9 of the Dungeon)
  8642 | D:9      | Found a glowing silver altar of Zin.
  8642 | D:9      | XOM: 3-stop teleportation journey
  8730 | D:9      | Noticed a two-headed ogre
  8741 | D:9      | Killed a two-headed ogre
  8742 | D:9      | Reached skill level 1 in Spellcasting
  8742 | D:9      | Reached skill level 1 in Hexes
  8742 | D:9      | Reached skill level 1 in Ice Magic
  8824 | D:9      | XOM: god gift: 43 gold pieces
  8849 | D:9      | Found a staircase to the Orcish Mines.
  8876 | D:9      | XOM: summons 2 friendly demons
  9014 | D:9      | Reached skill level 5 in Shields
  9136 | D:9      | XOM: divine lightning
  9137 | D:9      | XOM: polymorph orc -> jackal
  9216 | D:9      | XOM: god gift: runed dire flail {god gift}
  9459 | D:9      | Found a burning altar of Makhleb.
  9464 | D:9      | XOM: confuse monster(s)
  9469 | D:9      | XOM: silly message
  9558 | D:10     | Entered Level 10 of the Dungeon
  9568 | D:9      | XOM: summons friendly shadow imp
  9569 | D:9      | XOM: summons friendly crimson imp
  9585 | D:9      | XOM: divination: magic mapping
  9679 | D:10     | Found a shadowy altar of Dithmenos.
  9685 | D:10     | XOM: enchant monster (bad)
  9822 | D:10     | XOM: confuse monster(s)
  9827 | D:10     | XOM: enchant monster (bad)
  9828 | D:10     | XOM: 4-stop teleportation journey
  9875 | D:10     | XOM: 3-stop teleportation journey
  9881 | D:10     | XOM: 1-stop teleportation journey
  9912 | D:10     | XOM: cast spell 'Leda's Liquefaction'
 10030 | D:10     | Noticed a boulder beetle
 10500 | D:10     | XOM: confusion
 10521 | D:10     | XOM: confuse monster(s)
 10572 | D:10     | Killed a boulder beetle
 10654 | D:10     | Reached skill level 14 in Stealth
 10860 | Lair:1   | Entered Level 1 of the Lair of Beasts
 10863 | Lair:1   | Reached XP level 12. HP: 81/81 MP: 17/17
 10872 | Lair:1   | Reached skill level 10 in Short Blades
 10999 | Lair:1   | XOM: chaos cloud
 11060 | Abyss:3  | Cast into level 3 of the Abyss (Xom)
 11103 | Abyss:3  | XOM: god gift: scroll labelled KAKOUV MACLI {god gift}
 11111 | Abyss:3  | Noticed a starcursed mass
 11115 | Abyss:3  | XOM: divination: magic mapping
 11131 | Abyss:3  | XOM: divine lightning
 11211 | Abyss:3  | XOM: god gift: runed dagger {god gift}
 11577 | Abyss:3  | XOM: divination: detect creatures
 11626 | Abyss:3  | Noticed a tentacled starspawn
 11634 | Abyss:3  | XOM: divination: magic mapping
 11640 | Abyss:3  | Killed a tentacled starspawn
 11650 | Abyss:3  | XOM: polymorph raiju -> yaktaur
 11675 | Abyss:3  | XOM: give mutations
 11675 | Abyss:3  | Gained mutation: Your spells are harder to cast, but more
                  | powerful. [Xom's grace]
 11675 | Abyss:3  | Gained mutation: You are somewhat resistant to further
                  | mutation. [Xom's grace]
 11675 | Abyss:3  | Gained mutation: You expend magic power (3 MP) to
                  | strengthen your wands. [Xom's grace]
 11780 | Abyss:3  | XOM: stat loss: -1 Int (16/17)
 12097 | Abyss:3  | Noticed a thrashing horror
 12097 | Abyss:3  | Noticed a thrashing horror
 12097 | Abyss:3  | Noticed a wretched star
 12097 | Abyss:3  | Noticed a starcursed mass
 12145 | Abyss:3  | Noticed a Hell Sentinel
 12151 | Abyss:3  | Found a corrupted altar of Lugonu.
 12174 | Abyss:3  | Noticed a thrashing horror
 12187 | Abyss:3  | Killed a thrashing horror
 12206 | Abyss:3  | Noticed a green very ugly thing
 12272 | Abyss:3  | XOM: give mutations
 12272 | Abyss:3  | Gained mutation: You have an uncontrollable temper. [Xom's
                  | mischief]
 12272 | Abyss:3  | Lost mutation: You have an uncontrollable temper. [Xom's
                  | mischief]
 12272 | Abyss:3  | Lost mutation: One of your tentacles bears a spike. [Xom's
                  | mischief]
 12273 | Abyss:3  | XOM: cleaving
 12334 | Abyss:3  | Found a huge runed translucent gate.
 12342 | Abyss:3  | Noticed a thrashing horror
 12366 | Abyss:3  | XOM: silly message
 12437 | Abyss:3  | Noticed an eidolon
 12475 | Abyss:3  | Noticed a tentacled starspawn
 12485 | Abyss:3  | Slain by a tentacled starspawn

Illustrated notes

Levels and vault maps discovered:
D:1:      dpeg_arrival_snail, layout_basic, serial_co_window_serial,
          co_window_paths_a, co_window_paths_a, co_window_corner_a,
          co_window_corner_a, co_window_of_opportunity_a,
          co_window_of_opportunity_a, co_window_of_opportunity_a,
          co_window_of_opportunity_a, co_window_paths_a,
          co_window_of_opportunity_b, co_window_broadway_c,
          co_window_broadway_a, co_window_cross_2, co_window_paths_e,
          co_window_paths_d, glass_columns_a, glass_columns_a, glass_columns_c,
          glass_columns_b, nrook_mini_vaults
D:2:      layout_rooms, basic_altar
D:3:      layout_rooms, minmay_misc_feat_encased, kennysheep_flooded_box
D:4:      layout_gridville, mainiacjoe_overflow_boulevard
D:5:      nicolae_cairo_tiling, layout_rooms, grunt_temple_overflow_opulence,
          mainiacjoe_overflow_brackets,
          hellmonk_okawaru_the_only_friend_you_need, serial_shops, shop,
          ebering_ghost_reflecting_pool, portal_sewer_entry_f
D:6:      layout_gridville, kennysheep_mini, nicolae_vehumet_altar_sigil,
          mainiacjoe_overflow_small_starburst, serial_demonic, serial_demonic_c,
          serial_demonic_e, serial_demonic_g, serial_demonic_a,
          serial_demonic_a, serial_shops, shop, nicolae_fountain_basement
D:7:      layout_loops_ring, mainiacjoe_overflow_alcove_2,
          minmay_temple_entry_sparse_star, ebering_ghost_reflecting_pool,
          uniq_duvessa
D:8:      layout_basic, general_overflow_altar, gammafunk_ghost_icy,
          chequers_serial_rivers_micro_c
D:9:      layout_roguey, grunt_qazlal_clouds,
          mainiacjoe_overflow_surrounded_room, demons_altar, lair_entry_dummy,
          erik_orc_1, minivault_7
D:10:     layout_rooms, mainiacjoe_overflow_chevrons
Lair:1:   layout_roguey, grunt_megastairs_4, lemuel_fruit_fields
Abyss:3:  base: Temple, evilmike_abyss_exit_kraken,
          hangedman_elemental_corridor, spicy_abyss_pitcher_plant, base: Temple,
          evilmike_nicolae_abyss_rune_containment_curve,
          evilmike_abyss_rune_ettins, evilmike_abyss_rune_elephants_shrine

Skill      XL: |  1  2  3  4  5  6  7  8  9 10 11 12 |
---------------+-------------------------------------+-----
Stealth        | 1 4 5 6 8 10 12 14 | 14.5
Short Blades   | 4 5 6 7 8 9 10 | 10.6
Dodging        | 3 4 5 7 8 |  8.9
Fighting       | 4 5 6 7 |  7.8
Shields        | 1 3 4 5 |  5.3
Spellcasting   | 2 3 |  3.7
Hexes          | 2 4 |  4.3
Ice Magic      | 3 4 |  4.2

Action                     |  1- 3 |  4- 6 |  7- 9 | 10-12 || total
---------------------------+-------+-------+-------+-------++-------
  Melee: Short sword       |    68 |   104 |   277 |    70 ||   519
         Constrict         |    20 |    24 |    56 |    78 ||   178
         Tentacles         |    15 |    23 |    62 |   103 ||   203
         Kick              |       |    19 |    98 |   168 ||   285
         Punch             |       |       |     6 |    11 ||    17
         Rapier            |       |       |       |   374 ||   374
   Cast: Ensorcelled Hiber |       |       |       |     5 ||     5
  Evoke: Wand              |       |       |       |     5 ||     5
    Use: Scroll            |       |     1 |    10 |     6 ||    17
         Potion            |       |     1 |     6 |     5 ||    12
   Stab: Sleeping          |     8 |    15 |    14 |    24 ||    61
         Distracted        |       |     1 |     3 |    10 ||    14
         Petrifying        |       |       |     1 |       ||     1
         Confused          |       |       |     1 |     3 ||     4
 Armour: Skin              |    11 |    14 |   104 |    25 ||   154
  Dodge: Dodged            |    43 |    51 |   127 |   272 ||   493
  Block: Other             |       |    15 |    54 |    78 ||   147
         Reflection        |       |       |       |     2 ||     2

Table legend: (Time is in decaauts)
 A = Elapsed time spent in this place.
 B = Non-inter-level travel time spent in this place.
 C = Inter-level travel time spent in this place.
 D = Time resting spent in this place.
 E = Time spent auto-exploring this place.
 F = Levels seen in this place.
 G = Mean time per level.
                   A        B        C        D        E       F      G
               +--------+--------+--------+--------+--------+-----+--------+
         Total |  12370 |  11676 |    694 |   2980 |   6511 |  13 |  951.5 |
       Dungeon |  10283 |   9590 |    693 |   1642 |   6241 |  10 | 1028.3 |
          Lair |    198 |    198 |      0 |     59 |     90 |   1 |  198.0 |
         Abyss |   1394 |   1394 |      0 |   1151 |      0 |   1 | 1394.0 |
         Sewer |    495 |    495 |      0 |    126 |    180 |   1 |  495.0 |
               +--------+--------+--------+--------+--------+-----+--------+

Top non-repeatable levels by time:
     D:9: 1949 daAuts
     D:7: 1466 daAuts
 Abyss:3: 1394 daAuts
     D:6: 1351 daAuts
     D:8: 1273 daAuts
     D:1: 984 daAuts
     D:5: 843 daAuts
     D:4: 816 daAuts
    D:10: 774 daAuts
   Sewer: 495 daAuts
     D:2: 417 daAuts
     D:3: 407 daAuts
  Lair:1: 198 daAuts
